 Dungeon Crawl Stone Soup version 0.25.1-2-g60ff931df9 (webtiles) character file.

Game seed: 13376194628623018061

649940 lorenzova the Slayer (level 27, 0/240 HPs)
             Began as a Formicid Hunter on Sept 25, 2020.
             Was the Champion of Ashenzari.
             Killed by divine providence
             ... invoked by a smoke demon
             ... summoned by a mummy priest
              (13 damage)
             ... on level 2 of the Tomb of the Ancients on Oct 5, 2020.
             The game lasted 06:21:56 (107442 turns).

lorenzova the Slayer (Formicid Hunter)            Turns: 107442, Time: 06:21:57

Health: 0/240      AC: 33    Str: 33    XL:     27
Magic:  52/52      EV: 46    Int: 14    God:    Ashenzari [******]
Gold:   6817       SH: 21    Dex: 22    Spells: 26/26 levels left

rFire    + . .     SeeInvis +   F - +12 spear "Gufeuhe" {vorpal, rElec MR++ MP+9 Int-2} (curse)
rCold    + . .     Gourm    .   M - +1 kite shield of the Carpenter {*Slow rCorr Str+8 Dex-2} (curse)
rNeg     + + +     Faith    .   s - +8 fire dragon scales {Xtahua}
rPois    +         Spirit   .   (helmet unavailable)
rElec    +         Reflect  .   K - +1 cloak {rF+} (curse)
rCorr    +         Harm     .   Q - +0 pair of gloves of Taigisop {rN+ Regen+ MP+9} (curse)
MR       +++++     Clarity  +   x - +2 pair of boots {Fly} (curse)
Stlth    +.........             W - amulet "Antu" {Acrobat rPois rF- rN+++ Dex+6} (curse)
HPRegen  0.90/turn              T - ring of Pup Vaik {*Tele rC+ Int+3 Dex+4}
MPRegen  0.33/turn              U - ring of Qis Omot {Ice rElec rPois MR+} (curse)

@: marked, acrobat, flying
A: permanent stasis, dig shafts and tunnels, four strong arms, antennae 3
}: 3/15 runes: serpentine, barnacled, silver
a: Dig, Shaft Self, Curse Item, Scrying, Transfer Knowledge, Renounce Religion,
Stop Flying


You were on level 2 of the Tomb of the Ancients.
You worshipped Ashenzari.
Ashenzari was exalted by your worship.
You were not hungry.

You visited 13 branches of the dungeon, and saw 58 of its levels.
You also visited: Sewer, Bailey, Volcano and Wizlab.

You collected 8821 gold pieces.
You spent 2004 gold pieces at shops.

Inventory:

Hand Weapons
 t - a +2 vorpal arbalest
 F - the cursed +12 spear "Gufeuhe" (weapon) {vorpal, rElec MR++ MP+9 Int-2}
   (You found it on level 5 of the Dungeon)

   It inflicts extra damage upon your enemies.
   It affects your intelligence (-2).
   It insulates you from electricity.
   It affects your resistance to hostile enchantments.
   It affects your magic capacity (+9).
   It has a curse placed upon it.
Missiles
 d - 1739 bolts
Armour
 o - a scarf of repulsion
 s - +8 fire dragon scales (worn) {Xtahua}
 x - a cursed +2 pair of boots of flying (worn)
 K - a cursed +1 cloak of fire resistance (worn)
 M - the cursed +1 kite shield of the Carpenter (worn) {*Slow rCorr Str+8 Dex-2}
   (You found it on level 3 of the Crypt)

   It affects your strength (+8).
   It affects your dexterity (-2).
   It provides partial protection from all sources of acid and corrosion.
   It may slow you when you take damage.
   It has a curse placed upon it.
 O - the +1 cloak "Joeraige" {rC+}
   (You found it on level 1 of the Snake Pit)

   It protects you from cold.
 Q - the cursed +0 pair of gloves of Taigisop (worn) {rN+ Regen+ MP+9}
   (You found it on level 3 of the Elven Halls)

   It protects you from negative energy.
   It affects your magic capacity (+9).
   It increases your rate of regeneration.
   It has a curse placed upon it.
Jewellery
 e - an uncursed ring of protection from cold
 q - an uncursed ring of ice
 z - the amulet of Gin and Tonic {Spirit +Inv rElec Int+4 Slay-2}
   (You acquired it on level 11 of the Dungeon)

   [amulet of guardian spirit]

   It causes incoming damage to be split between your health and magic.
   It affects your intelligence (+4).
   It affects your accuracy and damage with ranged weapons and melee attacks
   (-2).
   It insulates you from electricity.
   It lets you turn invisible.
 T - the ring of Pup Vaik (left hand) {*Tele rC+ Int+3 Dex+4}
   (You took it off a deep elf death mage on level 3 of the Elven Halls)

   [ring of teleportation]

   It may teleport you next to monsters.
   It affects your intelligence (+3).
   It affects your dexterity (+4).
   It protects you from cold.
 U - the cursed ring of Qis Omot (right hand) {Ice rElec rPois MR+}
   (You took it off a deep elf archer on level 3 of the Elven Halls)

   [ring of ice]

   It enhances your ice magic.
   It makes you vulnerable to fire.
   It protects you from cold.
   It insulates you from electricity.
   It protects you from poison.
   It affects your resistance to hostile enchantments.
   It has a curse placed upon it.
 V - an uncursed ring of fire
 W - the cursed amulet "Antu" (around neck) {Acrobat rPois rF- rN+++ Dex+6}
   (You bought it in a shop on level 4 of the Dungeon)

   [amulet of the acrobat]

   It helps you evade while moving and waiting.
   It affects your dexterity (+6).
   It makes you vulnerable to fire.
   It protects you from poison.
   It renders you almost immune to negative energy.
   It has a curse placed upon it.
Wands
 m - a wand of flame (117)
 p - a wand of clouds (11)
 C - a wand of digging (28)
 H - a wand of iceblast (75)
 Y - a wand of disintegration (19)
Scrolls
 b - 3 scrolls of brand weapon
 c - a scroll of summoning
 g - 3 scrolls of holy word
 h - 12 scrolls of amnesia
 j - 12 scrolls of fear
 k - 8 scrolls of enchant weapon
 u - 9 scrolls of magic mapping
 v - 13 scrolls of remove curse
 w - 7 scrolls of immolation
 G - 5 scrolls of fog
 P - 3 scrolls of enchant armour
 R - 31 scrolls of identify
Potions
 i - 3 potions of invisibility
 l - 5 potions of curing
 n - 5 potions of resistance
 r - 14 potions of lignification
 B - 8 potions of magic
 D - 7 potions of might
 E - 6 potions of ambrosia
 S - 3 potions of cancellation
Miscellaneous
 I - the horn of Geryon (inert)
Comestibles
 f - 57 rations


   Skills:
 + Level 24.4 Fighting
 + Level 18.0(21.7) Polearms
 - Level 16.0 Crossbows
 + Level 21.5(23.6) Armour
 + Level 20.0(22.2) Dodging
 - Level 1.2 Stealth
 + Level 22.8(24.9) Shields
 - Level 15.7(18.2) Evocations


You had 26 spell levels left.
You didn't know any spells.
Your spell library contained the following spells:

 Spells                   Type           Power        Failure   Level  Hunger
 Animate Skeleton         Necr           N/A          34%         1    ##.....
 Freeze                   Ice            #...         34%         1    ##.....
 Pain                     Necr           #...         34%         1    ##.....
 Summon Small Mammal      Summ           #...         34%         1    ##.....
 Apportation              Tloc           #.....       36%         1    ##.....
 Beastly Appendage        Tmut           #.....       36%         1    ##.....
 Corona                   Hex            #......      36%         1    ##.....
 Foxfire                  Conj/Fire      #...         36%         1    ##.....
 Magic Dart               Conj           #...         36%         1    ##.....
 Sandblast                Erth           #.....       36%         1    ##.....
 Shock                    Conj/Air       #...         36%         1    ##.....
 Sting                    Tmut/Pois      #...         36%         1    ##.....
 Call Imp                 Summ           #.......     47%         2    ###....
 Corpse Rot               Necr/Air       N/A          50%         2    ###....
 Ensorcelled Hibernation  Hex/Ice        #.....       50%         2    ###....
 Passwall                 Tmut/Erth      #.......     50%         2    ###....
 Poisonous Vapours        Pois/Air       #.....       50%         2    ###....
 Slow                     Hex            #.......     50%         2    ###....
 Sticks to Snakes         Tmut           #.......     50%         2    ###....
 Call Canine Familiar     Summ           #.......     71%         3    ####...
 Frozen Ramparts          Ice            #.....       71%         3    ####...
 Ozocubu's Armour         Chrm/Ice       #.......     71%         3    ####...
 Vampiric Draining        Necr           #.........   71%         3    ####...
 Confusing Touch          Hex            #.......     73%         3    ####...
 Conjure Flame            Conj/Fire      #.......     73%         3    ####...
 Dazzling Flash           Conj/Hex       #.....       73%         3    ####...
 Ignite Poison            Fire/Tmut/Pois #.......     73%         3    ####...
 Inner Flame              Hex/Fire       #.......     73%         3    ####...
 Mephitic Cloud           Conj/Pois/Air  #.......     73%         3    ####...
 Recall                   Summ/Tloc      N/A          73%         3    ####...
 Spectral Weapon          Hex/Chrm       #.......     73%         3    ####...
 Spider Form              Tmut/Pois      #.........   73%         3    ####...
 Static Discharge         Conj/Air       #.......     73%         3    ####...
 Stone Arrow              Conj/Erth      #.....       73%         3    ####...
 Summon Guardian Golem    Hex/Summ       #.......     73%         3    ####...
 Tukima's Dance           Hex            #.......     73%         3    ####...
 Airstrike                Air            #.........   98%         4    #####..
 Animate Dead             Necr           N/A          98%         4    #####..
 Cause Fear               Hex            #.........   98%         4    #####..
 Dispel Undead            Necr           #.......     98%         4    #####..
 Fulminant Prism          Conj/Hex       #.........   98%         4    #####..
 Hailstorm                Conj/Ice       #.......     98%         4    #####..
 Ice Form                 Ice/Tmut       #.......     98%         4    #####..
 Iskenderun's Mystic Bla  Conj/Tloc      #.......     98%         4    #####..
 Olgreb's Toxic Radiance  Pois           #.......     98%         4    #####..
 Passage of Golubria      Tloc           N/A          98%         4    #####..
 Petrify                  Tmut/Erth      #.......     98%         4    #####..
 Sticky Flame             Conj/Fire      #.......     98%         4    #####..
 Summon Ice Beast         Ice/Summ       #.......     98%         4    #####..
 Summon Lightning Spire   Summ/Air       #.......     98%         4    #####..
 Agony                    Necr           #.......     100%        5    ######.
 Alistair's Intoxication  Tmut/Pois      #.......     100%        5    ######.
 Aura of Abjuration       Summ           #.........   100%        5    ######.
 Blade Hands              Tmut           #.........   100%        5    ######.
 Bolt of Magma            Conj/Fire/Erth #.........   100%        5    ######.
 Borgnjor's Vile Clutch   Necr/Erth      #.........   100%        5    ######.
 Excruciating Wounds      Chrm/Necr      #.........   100%        5    ######.
 Fireball                 Conj/Fire      #.........   100%        5    ######.
 Irradiate                Conj/Tmut      #.........   100%        5    ######.
 Iskenderun's Battlesphe  Conj/Chrm      #.......     100%        5    ######.
 Lee's Rapid Deconstruct  Erth           #.........   100%        5    ######.
 Lightning Bolt           Conj/Air       #.........   100%        5    ######.
 Silence                  Hex/Air        #.........   100%        5    ######.
 Summon Demon             Summ           #.........   100%        5    ######.
 Summon Forest            Summ/Tloc      #.........   100%        5    ######.
 Summon Mana Viper        Hex/Summ       #.......     100%        5    ######.
 Yara's Violent Unravell  Hex/Tmut       #.........   100%        5    ######.
 Conjure Ball Lightning   Conj/Air       #.........   100%        6    #######
 Darkness                 Hex            #.........   100%        6    #######
 Freezing Cloud           Conj/Ice/Air   #.........   100%        6    #######
 Hydra Form               Tmut           #.........   100%        6    #######
 Iron Shot                Conj/Erth      #.........   100%        6    #######
 Shadow Creatures         Summ           N/A          100%        6    #######
 Statue Form              Tmut/Erth      #........    100%        6    #######
 Dragon Form              Tmut           #.........   100%        7    #######
 Malign Gateway           Summ/Tloc      #.........   100%        7    #######
 Orb of Destruction       Conj           #.........   100%        7    #######
 Ring of Flames           Chrm/Fire      #.........   100%        7    #######
 Spellforged Servitor     Conj/Summ      #.........   100%        7    #######
 Discord                  Hex            #.........   100%        8    #######
 Tornado                  Air            #.........   100%        9    #######
 Blink                    Tloc           Unusable     N/A         2    N/A
 Swiftness                Chrm/Air       Unusable     N/A         2    N/A
 Controlled Blink         Tloc           Unusable     N/A         8    N/A

Dungeon Overview and Level Annotations

Branches:
Dungeon (15/15)            Temple (1/1) D:4            Lair (6/6) D:10
 Shoals (4/4) Lair:4        Snake (4/4) Lair:4        Slime (0/5) Lair:5
    Orc (2/2) D:10            Elf (3/3) Orc:2        Vaults (5/5) D:14
  Crypt (3/3) Vaults:3       Tomb (2/3) Crypt:3      Depths (5/5) D:15
   Hell (visited)             Dis (0/7) Hell            Geh (0/7) Hell
    Coc (0/7) Hell            Tar (7/7) Hell            Zot (0/5) Depths:5
  Sewer (visited)          Bailey (visited)         Volcano (visited)
 WizLab (visited)

Altars:
Ashenzari
Cheibriados
Dithmenos
Elyvilon
Fedhas
Gozag
Hepliaklqana
Kikubaaqudgha
Makhleb
Nemelex Xobeh
Okawaru
Qazlal
Ru
Sif Muna
Trog
Uskayaw
Vehumet
Wu Jian
Xom
Yredelemnul
Zin
The Shining One
Beogh
Jiyva

Shops:
D:4 *(=   D:12 }   Orc:1 =   Orc:2 *}(%   Shoals:3 ?   Snake:3 (!   Vaults:1 !
Vaults:4 %   Vaults:5 [   Depths:3 }

Portals:
Hell: Depths:1 Depths:2 Depths:3 Depths:4 Depths:5
Abyss: D:8 Depths:1 Depths:4
Pandemonium: Depths:1 Depths:2 Depths:3
Ziggurat: Depths:3


Innate Abilities, Weirdness & Mutations

You cannot be hasted, slowed, berserked, paralysed or teleported.
You can dig through walls and to a lower floor.
Your four strong arms can wield two-handed weapons with a shield.
You have a pair of large antennae on your head. (SInv)


Message History

The shadow is lost in a daze.
The mummy priest is lost in a daze.
The greater mummy calls on the powers of darkness!
The emperor scorpion convulses!
Your body is wracked with pain!
* * * LOW HITPOINT WARNING * * *
The emperor scorpion convulses! x2; You block the guardian mummy's attack.
The smoke demon is lost in a daze.
A quicksilver dragon simulacrum comes into view.
You block the greater mummy's attack.
The flying skull is lost in a daze.
The shadow wraith is lost in a daze.
The shock serpent skeleton is lost in a daze.
The greater mummy calls on the powers of darkness!
The emperor scorpion convulses! x2; Your body is wracked with pain!
* * * LOW HITPOINT WARNING * * *
The emperor scorpion convulses!
The mana viper convulses!
The mummy priest is lost in a daze.
The ushabti shakes and rattles deafeningly!
You block the guardian mummy's attack.
The shadow is lost in a daze.
The smoke demon gestures at you. Something smites you!
You die...

*+ , ,*#.........#*,, , * ,
#.,,..*#§......§.#*,, *
,,^,#..,..*#Z..S8....# ∆ ,
,,, #..##.*#.M..M..§.#* * ^
, , ,#.^..M*#..S.s....# , ,
,<#..... #....^.^.3# , ,
,#...M3##.z.......# ,, , ,,
#......MW.M.Z...§...,,
,,,,,#.....@M3M............
,,, #......WssVZ.......M..
*
^,,,#....##M.M.Z....s.##..,
* +**#....*##.W..M....## {M
, #... *##3..#..§##* {{, ,
, #... *##..#..##* , ,,#..,
,, #.....#* , ,,, *, , #..,
,......,, , *, ,, * {.....,
,,,


You could see 3 greater mummies, 3 emperor scorpions, 3 mummy priests, a
jiangshi (summoned), 2 soul eaters, 2 shadow wraiths, 2 mana vipers, 4 guardian
mummies, an ushabti (catching breath), a spectral shadow dragon (summoned,
dazed), a smoke demon (summoned, dazed), a shadow (summoned, invisible, dazed),
a flying skull (dazed), a mummy, a storm dragon skeleton (summoned, dazed) and a
shock serpent skeleton (summoned, dazed).

Vanquished Creatures
  3 ancient liches
  Khufu (Crypt:2)
  A juggernaut (Depths:2)
  2 greater mummies (Crypt:2)
  Margery (Vaults:5)
  Xtahua (Vaults:2)
  2 caustic shrikes
  Geryon (Hell)
  Jory (Crypt:1)
  3 golden dragons
  4 bone dragons
  2 doom hounds
  3 Tzitzimimeh
  Jorgrun (Shoals:2)
  2 deep elf blademasters
  5 tentacled monstrosities
  5 liches
  2 deep elf master archers (Elf:3)
  Rupert (Lair:3)
  4 quicksilver dragons
  4 titans
  Murray (Depths:1)
  Asterion (Depths:1)
  The ghost of ioannis32 the Blocker, an adept DsBe of Trog (Snake:4)
  Gastronok (Lair:3)
  6 ancient champions
  Kirke (Snake:3)
  5 storm dragons
  Donald (Orc:1)
  11 sphinxes
  Roxanne (Shoals:1)
  8 nagarajas
  Agnes (Snake:1)
  8 tengu reavers
  5 revenants
  6 shadow dragons
  14 fire giants
  A draconian monk (Depths:5)
  4 deep elf sorcerers
  3 iron dragons
  2 orc warlords
  Aizul (Shoals:1)
  15 frost giants
  11 vault wardens
  A draconian shifter (Depths:5)
  Louise (Snake:3)
  5 curse skulls
  4 ghouls
  The ghost of Viky the Unseen, a journeyman GrMo of Gozag (Lair:3)
  16 very ugly things
  11 reapers
  21 ironheart preservers
  A spriggan defender (Depths:4)
  6 deep elf elementalists
  2 war gargoyles
  23 stone giants
  2 entropy weavers
  19 vampire knights
  10 deep elf demonologists
  A green draconian (Depths:5)
  Azrael (Snake:3)
  Nessos (Lair:6)
  2 bennus (Tomb:1)
  2 red draconians (Depths:5)
  7 deep elf annihilators
  10 spark wasps
  9 eidola
  A purple draconian (Depths:5)
  7 merfolk javelineers
  3 yellow draconians (Depths:5)
  8 merfolk impalers
  17 deep elf death magi
  19 ettins
  6 mummy priests
  2 blizzard demons (Depths:1)
  15 jiangshi
  8 great orbs of eyes
  Erolcha (D:10)
  Josephine (Orc:1)
  A quicksilver dragon zombie (Tar:2)
  Snorg (Lair:6)
  7 fire dragons
  9 yaktaur captains
  A hell beast (Depths:1)
  7 deep elf high priests
  30 vault guards
  A ghost crab (Crypt:1)
  3 spriggan air magi
  6 hydras
  Erica (D:8)
  4 ice dragons
  8 anacondas
  A rakshasa (Depths:2)
  21 naga warriors
  4 merfolk avatars
  5 death knights
  10 centaur warriors
  18 ogre magi
  40 two-headed ogres
  2 deep troll shamans (Vaults:3)
  6 death scarabs (Tomb:1)
  2 satyrs (Shoals:4)
  22 vampire magi
  4 merfolk aquamancers
  A satyr (shapeshifter) (Vaults:5)
  8 death yaks
  5 hell hogs (Depths:1)
  36 dancing weapons
  4 tengu warriors
  5 deep troll earth magi
  The ghost of ioannis32 the Spear-Bearer, a novice DsBe of Trog (D:8)
  Urug (D:13)
  18 naga sharpshooters
  5 orc high priests (Orc:2)
  11 shock serpents
  8 spriggan berserkers
  12 hell knights
  2 iron golems (Depths:1)
  4 soul eaters
  19 deep elf knights
  A storm dragon zombie (Crypt:3)
  4 salamander mystics
  6 unseen horrors
  2 iron trolls
  3 titan skeletons
  An anaconda zombie (Hell)
  5 shadow wraiths
  49 skeletal warriors
  6 wizards
  3 golden dragon zombies
  18 sea snakes
  2 shadow demons
  34 deep trolls
  A death drake (Tar:7)
  2 glowing orange brains
  8 flayed ghosts
  18 deep elf archers
  17 ironbrand convokers
  14 orc knights
  A golden dragon skeleton (Tar:1)
  A shadow dragon zombie (Crypt:3)
  A harpy (shapeshifter) (Vaults:4)
  9 naga ritualists
  16 phantasmal warriors
  5 necromancers
  7 harpies
  An iron giant skeleton (Crypt:1)
  2 iron dragon zombies
  A lindwurm (shapeshifter) (Vaults:5)
  3 fire giant zombies
  8 orc sorcerers
  A lindwurm (Lair:5)
  A stone giant zombie (Crypt:1)
  5 wolf spiders
  A frost giant zombie (Crypt:1)
  3 wolf spider zombies
  82 deep elf magi
  A tengu zombie (Depths:2)
  4 oklob plants (D:11)
  4 fauns
  14 manticores
  57 ugly things
  12 cyclopes
  14 mana vipers
  13 salamanders
  25 slime creatures
  2 iron dragon skeletons
  A guardian serpent (shapeshifter) (Vaults:3)
  39 black mambas
  19 vault sentinels
  2 ice statues (Hell)
  A toenail golem (D:8)
  A water nymph (shapeshifter) (Depths:2)
  3 rust devils (Depths:1)
  8 elephants
  7 guardian serpents
  A stone giant skeleton (Tar:1)
  15 merfolk sirens
  2 smoke demons
  6 water nymphs
  4 dire elephant zombies
  26 naga magi
  4 gargoyles
  16 spiny frogs
  4 spriggan zombies (Hell)
  A white draconian zombie (Crypt:2)
  3 hellions
  A komodo dragon (shapeshifter) (Depths:3)
  18 freezing wraiths
  A black draconian zombie (Crypt:2)
  2 rime drakes
  A tormentor (Tar:1)
  6 komodo dragons
  2 redback zombies (D:15)
  2 spriggan skeletons (Depths:2)
  43 yaktaurs
  2 ice devils
  An efreet (D:11)
  A death drake zombie (Crypt:1)
  9 guardian mummies (Tomb:1)
  4 silent spectres
  A tengu conjurer (Depths:1)
  2 hydra zombies (Hell)
  A queen bee (D:11)
  13 trolls
  A wind drake (shapeshifter) (Depths:3)
  3 red devils (Hell)
  A harpy skeleton (D:15)
  3 polar bears (Lair:6)
  6 wind drakes
  5 hydra skeletons
  35 merfolk
  2 jumping spiders
  27 blink frogs
  An ice dragon zombie (Crypt:3)
  A sphinx simulacrum (Depths:2)
  10 snapping turtles
  A meliai zombie (D:15)
  5 ettin zombies
  2 alligator zombies
  19 hornets
  12 hippogriffs
  A hippogriff (shapeshifter) (Elf:1)
  6 dream sheep
  A jumping spider zombie (Crypt:3)
  A stone giant simulacrum (Vaults:3)
  2 deep troll zombies (Hell)
  25 spriggans
  An ice dragon skeleton (Crypt:3)
  16 shadows
  22 vampires
  Sigmund (D:2)
  2 air elementals
  2 ettin skeletons
  2 tarantellas
  2 redbacks
  25 flying skulls
  A tarantella (shapeshifter) (Depths:5)
  A wind drake zombie (Crypt:3)
  15 water elementals
  18 humans (D:14)
  23 wraiths
  43 yaks
  4 ushabtiu (Tomb:1)
  7 wyverns
  12 fire elementals
  4 basilisks
  A steam dragon (shapeshifter) (D:14)
  3 hogs
  A steam dragon (D:7)
  7 vampire mosquitoes
  Edmund (D:4)
  5 two-headed ogre zombies (WizLab)
  A hungry ghost (D:13)
  5 acid dragons
  26 wargs
  42 nagas
  A swamp worm (shapeshifter) (Vaults:4)
  A glowing shapeshifter zombie (Crypt:2)
  A naga (shapeshifter) (Elf:1)
  2 hydra simulacra (Hell)
  6 large abominations
  6 porcupines
  11 hell hounds
  15 water moccasins
  A floating eye (Depths:2)
  3 sky beasts
  6 black bears
  3 eyes of draining
  58 ogres
  63 orc warriors
  4 snapping turtle zombies
  2 manticore zombies
  6 necrophages
  6 ice beasts
  4 phantoms
  A dream sheep zombie (Crypt:3)
  A manticore skeleton (Tomb:1)
  17 boggarts
  11 small abominations
  32 wolves
  An elephant skeleton (Crypt:1)
  27 centaurs
  10 crocodiles
  6 big kobolds
  2 wyvern zombies
  7 earth elementals
  Blork the orc (D:6)
  21 bullfrogs
  A gnoll sergeant (Orc:2)
  A wyvern skeleton (D:12)
  A scorpion (shapeshifter) (Depths:4)
  6 scorpions
  6 troll zombies (WizLab)
  A water moccasin skeleton (Crypt:1)
  A human simulacrum (Vaults:2)
  43 killer bees
  26 wights
  3 electric eels (Snake:1)
  8 howler monkeys
  9 centaur zombies
  15 crimson imps
  4 quasits
  2 bullfrog zombies
  4 centaur skeletons
  5 hounds
  2 bullfrog skeletons
  38 orc priests
  2 jellies
  23 orc wizards
  7 iguanas
  5 iron imps
  7 worker ants
  6 hell rats (Depths:1)
  A naga zombie (Crypt:1)
  A big kobold skeleton (Crypt:1)
  2 dwarf skeletons
  6 ogre zombies (WizLab)
  A hound zombie (D:9)
  4 hound skeletons
  22 mummies
  A worker ant zombie (D:9)
  7 gnolls
  21 adders
  4 river rats
  9 shadow imps
  A white imp (Depths:1)
  An adder skeleton (D:4)
  An adder zombie (D:7)
  4 worms
  A dart slug (D:1)
  3 leopard geckos
  163 orcs
  7 bats (D:1)
  8 giant cockroaches
  17 goblins
  10 hobgoblins
  11 jackals
  46 kobolds
  3 quokkas
  A river rat zombie (Crypt:2)
  6 ball pythons
  6 frilled lizards
  2 frilled lizard skeletons
  A leopard gecko zombie (D:5)
  An orc skeleton (Crypt:1)
  A quokka zombie (D:5)
  13 rats
  A butterfly (Lair:6)
  4 crawling corpses
2932 creatures vanquished.

Vanquished Creatures (collateral kills)
  A vault guard (Vaults:5)
1 creature vanquished.

Vanquished Creatures (others)
  A yaktaur captain (Vaults:4)
  A rakshasa (Vaults:1)
  A vampire mage (Crypt:1)
  A deep elf knight (Elf:1)
  A necromancer (Depths:4)
  2 deep elf magi (Elf:1)
  An ugly thing (Vaults:3)
  A black mamba (Snake:1)
  A hell hound (Tar:2)
  An orc warrior (Orc:2)
  A water moccasin skeleton (D:11)
  A worker ant (D:11)
  A hell rat (Depths:1)
  A gnoll (D:9)
  A bush (Lair:6)
  16 fungi
  23 plants
55 creatures vanquished.

Grand Total: 2988 creatures vanquished

Notes
Turn   | Place    | Note
-------+----------+-------------------------------------------
     0 | D:1      | lorenzova the Formicid Hunter began the quest for the Orb.
     0 | D:1      | Reached XP level 1. HP: 16/16 MP: 1/1
   141 | D:1      | Reached XP level 2. HP: 23/23 MP: 2/2
   262 | D:1      | Reached skill level 1 in Armour
   262 | D:1      | Reached XP level 3. HP: 28/28 MP: 3/3
   573 | D:1      | Reached skill level 3 in Fighting
  1858 | D:2      | Noticed Sigmund
  1876 | D:2      | Killed Sigmund
  1876 | D:2      | Reached skill level 4 in Fighting
  1876 | D:2      | Reached XP level 4. HP: 25/37 MP: 4/4
  1876 | D:2      | Reached XP level 5. HP: 28/42 MP: 5/5
  1876 | D:2      | Reached XP level 6. HP: 32/48 MP: 6/6
  2355 | D:3      | Found a white marble altar of Elyvilon.
  3344 | D:4      | Found Togut's Jewellery Emporium.
  3349 | D:4      | Found a basalt altar of Yredelemnul.
  3353 | D:4      | Noticed Edmund
  3433 | D:4      | Found Fyillet's General Store.
  3791 | D:3      | Reached skill level 5 in Crossbows
  3870 | D:3      | Reached skill level 5 in Fighting
  3870 | D:3      | Reached XP level 7. HP: 41/56 MP: 7/7
  4197 | D:4      | Found Itextehy's Antique Weapon Boutique.
  4337 | D:4      | Got a crude hand axe
  4338 | D:4      | Identified the +2 hand axe "Jaux" {elec, +Inv MR+ Str+3
                  | Int+3} (You found it on level 4 of the Dungeon)
  4418 | D:4      | Found a staircase to the Ecumenical Temple.
  4423 | Temple   | Entered the Ecumenical Temple
  4581 | Temple   | Became a worshipper of Ashenzari the Shackled
  4665 | D:4      | Found a hide-covered altar of Uskayaw.
  4705 | D:4      | Killed Edmund
  4867 | D:4      | Reached skill level 1 in Shields
  4867 | D:4      | Reached skill level 1 in Evocations
  5087 | D:5      | Entered Level 5 of the Dungeon
  5154 | D:5      | Reached XP level 8. HP: 38/64 MP: 8/8
  5196 | D:5      | Reached skill level 6 in Fighting
  5226 | D:5      | Got the spear "Gufeuhe" {vorpal, rElec MR++ MP+9 Int-2}
  5519 | D:5      | Found a glowing drain.
  5526 | Sewer    | Entered a sewer
  6078 | Sewer    | Identified the +12 spear "Gufeuhe" {vorpal, rElec MR++ MP+9
                  | Int-2} (You found it on level 5 of the Dungeon)
  6678 | D:6      | Identified the +12 dagger "Tubaqiawn" {chaos, rElec rC-
                  | rN++ SInv}
  6706 | D:6      | Reached skill level 7 in Fighting
  6735 | D:6      | Reached skill level 1 in Polearms
  6735 | D:6      | Reached XP level 9. HP: 71/72 MP: 10/10
  6757 | D:6      | Noticed Blork the orc
  6765 | D:6      | Killed Blork the orc
  7229 | D:6      | Reached skill level 5 in Armour
  7337 | D:6      | Reached skill level 8 in Fighting
  7693 | D:7      | Reached skill level 5 in Dodging
  7713 | D:7      | Reached XP level 10. HP: 22/82 MP: 11/11
  7874 | D:7      | Reached skill level 5 in Shields
  7884 | D:7      | Reached skill level 9 in Fighting
  7959 | D:7      | Noticed an orc sorcerer
  8629 | D:7      | Reached * piety under Ashenzari
  8760 | D:7      | Found a shadowy altar of Dithmenos.
  8855 | D:7      | Found a snail-covered altar of Cheibriados.
  8855 | D:7      | Found a stormy altar of Qazlal.
  9238 | D:7      | Reached skill level 10 in Fighting
  9289 | D:7      | Noticed an orc knight
  9315 | D:7      | Noticed a sixfirhy
  9318 | D:7      | Noticed a sun demon
  9318 | D:7      | Killed an orc sorcerer
  9513 | D:7      | Reached XP level 11. HP: 72/91 MP: 12/12
  9525 | D:7      | Noticed an orc knight
  9605 | D:7      | Killed an orc knight
  9696 | D:7      | Killed an orc knight
  9696 | D:7      | Reached skill level 5 in Polearms
 10383 | D:8      | Noticed Erica
 10394 | D:8      | Killed Erica
 10394 | D:8      | Reached skill level 11 in Fighting
 10532 | D:8      | Noticed a two-headed ogre
 10544 | D:8      | Killed a two-headed ogre
 10987 | D:8      | Found a transporter.
 11004 | D:8      | Found a one-way gate to the infinite horrors of the Abyss.
 11004 | D:8      | Noticed ioannis32's ghost (novice DsBe)
 11210 | D:8      | Noticed a toenail golem
 11232 | D:8      | Found a transporter.
 11488 | D:9      | Noticed a two-headed ogre
 11510 | D:9      | Killed a two-headed ogre
 11831 | D:9      | Reached XP level 12. HP: 101/101 MP: 13/13
 12273 | D:9      | Reached ** piety under Ashenzari
 12376 | D:10     | Entered Level 10 of the Dungeon
 12489 | D:10     | Reached skill level 12 in Fighting
 12566 | D:10     | Noticed Erolcha
 12585 | D:10     | Killed Erolcha
 12608 | D:10     | Found a staircase to the Orcish Mines.
 12821 | D:10     | Found a flagged portal.
 12839 | Bailey   | Entered a bailey
 12868 | Bailey   | Noticed an orc warlord
 12966 | Bailey   | Found a runed translucent gate.
 12967 | Bailey   | Found a runed translucent gate.
 12968 | Bailey   | Found a runed translucent gate.
 13121 | Bailey   | Killed an orc warlord
 13832 | D:10     | Noticed an unseen horror
 13841 | D:10     | Killed an unseen horror
 14154 | D:10     | Found a staircase to the Lair.
 14432 | D:10     | Identified a scroll of acquirement
 14723 | D:11     | Reached skill level 13 in Fighting
 14723 | D:11     | Reached XP level 13. HP: 99/111 MP: 14/14
 15818 | D:11     | Reached *** piety under Ashenzari
 15972 | D:11     | Acquired the cursed amulet of Gin and Tonic {Spirit +Inv
                  | rElec Int+4 Slay-2}
 16273 | D:4      | Bought a +3 plate armour of fire resistance for 540 gold
                  | pieces
 16473 | Lair:1   | Entered Level 1 of the Lair of Beasts
 16821 | Lair:1   | Reached skill level 10 in Shields
 17062 | Lair:1   | Reached skill level 10 in Armour
 18023 | Lair:2   | Reached skill level 14 in Fighting
 18539 | Lair:3   | Noticed Rupert
 18586 | Lair:3   | Noticed Gastronok
 18726 | Lair:3   | Killed Gastronok
 18899 | Lair:3   | Reached XP level 14. HP: 115/120 MP: 17/17
 19115 | Lair:3   | Reached skill level 5 in Evocations
 19174 | Lair:3   | Reached **** piety under Ashenzari
 19235 | Lair:3   | Found a stormy altar of Qazlal.
 19280 | Lair:3   | Killed Rupert
 19539 | Lair:3   | Found a runed translucent gate.
 19539 | Lair:3   | Found a runed translucent gate.
 19555 | Lair:3   | Found a runed translucent gate.
 19555 | Lair:3   | Noticed Viky's ghost (journeyman GrMo)
 19991 | Lair:4   | Found a dark tunnel.
 20010 | Volcano  | Entered a volcano
 21163 | Lair:4   | Found a staircase to the Snake Pit.
 21518 | Lair:4   | Found a staircase to the Shoals.
 22321 | Lair:5   | Reached skill level 15 in Fighting
 22370 | Lair:5   | Reached XP level 15. HP: 106/129 MP: 20/20
 22752 | Lair:5   | Found a viscous altar of Jiyva.
 22752 | Lair:5   | Found a staircase to the Slime Pits.
 23622 | Lair:6   | Entered Level 6 of the Lair of Beasts
 23624 | Lair:6   | Reached ***** piety under Ashenzari
 24510 | Lair:6   | Noticed Nessos
 24517 | Lair:6   | Killed Nessos
 24743 | Lair:6   | Noticed Snorg
 24765 | Lair:6   | Killed Snorg
 25410 | Lair:1   | Reached skill level 10 in Evocations
 25410 | Lair:1   | Reached XP level 16. HP: 137/137 MP: 24/24
 25461 | Orc:1    | Entered Level 1 of the Orcish Mines
 25498 | Orc:1    | Reached skill level 10 in Dodging
 25577 | Orc:1    | Found Xij Lyom's Jewellery Emporium.
 25592 | Orc:1    | Noticed Josephine
 25621 | Orc:1    | Killed Josephine
 26163 | Orc:2    | Entered Level 2 of the Orcish Mines
 26235 | Orc:2    | Noticed Donald
 26367 | Orc:1    | HP: 6/138 [Donald/+0 eveningstar (26)]
 26387 | Orc:1    | You are sucked into a shaft and drop 1 floor!
 27202 | Orc:2    | Reached skill level 10 in Polearms
 27628 | Orc:2    | Found a staircase to the Elven Halls.
 27714 | Orc:2    | Reached XP level 17. HP: 126/144 MP: 25/25
 27721 | Orc:2    | Reached skill level 16 in Fighting
 27933 | Orc:2    | Found a roughly hewn altar of Beogh.
 28057 | Orc:2    | Found Zuda's Assorted Antiques.
 28087 | Orc:2    | Found Redualod's Gadget Shop.
 29062 | Orc:2    | Found Penif's Food Boutique.
 29088 | Orc:2    | Found a roughly hewn altar of Beogh.
 29144 | Orc:2    | Found Juem's Weapon Shoppe.
 30115 | Orc:1    | Killed Donald
 31477 | D:12     | Found Rieskueh's Gadget Shoppe.
 32005 | D:13     | Noticed Urug
 32031 | D:13     | Killed Urug
 33755 | D:14     | Found a gate to the Vaults.
 34011 | D:14     | Reached XP level 18. HP: 152/153 MP: 27/27
 34509 | D:15     | Entered Level 15 of the Dungeon
 34527 | D:15     | Reached skill level 17 in Fighting
 35101 | D:15     | Found a stormy altar of Qazlal.
 35409 | D:15     | Found a staircase to the Depths.
 35792 | D:15     | Reached ****** piety under Ashenzari
 36864 | D:4      | Bought the amulet "Antu" {Acrobat rPois rF- rN+++ Dex+6}
                  | for 678 gold pieces
 37213 | Snake:1  | Entered Level 1 of the Snake Pit
 38623 | Snake:1  | Noticed Agnes
 38645 | Snake:1  | Killed Agnes
 38889 | Snake:1  | Reached XP level 19. HP: 162/162 MP: 29/29
 39461 | Snake:2  | Found a shimmering blue altar of Sif Muna.
 39772 | Snake:2  | Reached skill level 18 in Fighting
 40560 | Snake:1  | Got the uncursed cloak "Joeraige" {rC+}
 40784 | Snake:3  | Noticed Azrael
 40942 | Snake:3  | Killed Azrael
 41050 | Snake:3  | Found Archel's Antique Weapon Boutique.
 41146 | Snake:3  | Noticed Kirke
 41368 | Snake:3  | Killed Kirke
 41953 | Snake:3  | Found Umpiofrasyn's Distillery.
 41961 | Snake:3  | Bought a potion of heal wounds for 60 gold pieces
 42251 | Snake:3  | Noticed Louise
 42265 | Snake:3  | Killed Louise
 42458 | Snake:4  | Entered Level 4 of the Snake Pit
 43355 | Snake:4  | Reached skill level 15 in Evocations
 43813 | Snake:4  | Found a large runed translucent door.
 43814 | Snake:4  | Found a large runed translucent door.
 44035 | Snake:4  | Reached XP level 20. HP: 171/172 MP: 31/31
 45918 | Snake:4  | Got a serpentine rune of Zot
 45949 | Snake:4  | Reached skill level 19 in Fighting
 46301 | Snake:4  | Noticed ioannis32's ghost (adept DsBe)
 46337 | Snake:4  | Killed ioannis32's ghost
 46608 | Shoals:1 | Entered Level 1 of the Shoals
 47214 | Shoals:1 | Identified Roxanne's Catalogue of the Rocks
 47214 | Shoals:1 | Noticed Roxanne
 47233 | Shoals:1 | Killed Roxanne
 47486 | Shoals:1 | Found a shadowy altar of Dithmenos.
 48454 | Shoals:2 | Noticed Aizul
 48498 | Shoals:1 | Killed Aizul
 49613 | Shoals:3 | Found Byurr's Magic Scroll Boutique.
 49613 | Shoals:3 | Noticed Jorgrun
 49637 | Shoals:2 | Killed Jorgrun
 49835 | Shoals:3 | Bought a scroll of remove curse for 45 gold pieces
 49835 | Shoals:3 | Bought a scroll of magic mapping for 52 gold pieces
 49835 | Shoals:3 | Bought a scroll of holy word for 112 gold pieces
 49835 | Shoals:3 | Bought a scroll of remove curse for 45 gold pieces
 50032 | Shoals:3 | Reached skill level 15 in Shields
 50108 | Shoals:3 | Reached XP level 21. HP: 175/180 MP: 32/32
 51180 | Shoals:3 | Identified the +2 pair of boots of the Grim Grue {Dex+4
                  | Stlth-}
 51350 | Shoals:4 | Entered Level 4 of the Shoals
 51772 | Shoals:4 | Got a barnacled rune of Zot
 53820 | Shoals:4 | Identified the +1 cloak "Joeraige" {rC+} (You found it on
                  | level 1 of the Snake Pit)
 54463 | D:8      | Killed ioannis32's ghost
 55339 | Lair:3   | Killed Viky's ghost
 55543 | Depths:1 | Entered Level 1 of the Depths
 56014 | Depths:1 | Noticed Asterion
 56032 | Depths:1 | Killed Asterion
 56392 | Depths:1 | Found a one-way gate leading to the halls of Pandemonium.
 56635 | Depths:1 | Reached skill level 15 in Armour
 57256 | Depths:1 | Found a gateway to Hell.
 57276 | Depths:1 | Noticed a Brimstone Fiend
 57653 | Depths:2 | Reached XP level 22. HP: 165/190 MP: 33/33
 58556 | Depths:2 | Reached skill level 20 in Fighting
 61808 | Depths:2 | Noticed a golden dragon
 61808 | Depths:2 | Identified the +6 shortbow of Doom {vorpal, rF++ MR-}
 62087 | Elf:1    | Entered Level 1 of the Elven Halls
 62658 | Elf:1    | Reached skill level 10 in Crossbows
 63100 | Elf:1    | Identified the Reference Book on Calling
 63585 | Elf:1    | Reached XP level 23. HP: 198/198 MP: 34/34
 63589 | Elf:1    | Identified the Disquisition on Supportive Battle Magic
 63806 | Elf:2    | Found a runed translucent gate.
 63826 | Elf:2    | Found a runed translucent gate.
 63827 | Elf:2    | Found a runed translucent gate.
 65596 | Elf:3    | Entered Level 3 of the Elven Halls
 67221 | Elf:3    | Identified the ring of Pup Vaik {*Tele rC+ Int+3 Dex+4}
 68077 | Elf:3    | Identified the ring of Qis Omot {Ice rElec rPois MR+}
 68180 | Elf:3    | Identified the amulet "Cutwoq" {Acrobat rC- Str+4}
 68235 | Elf:3    | Identified the Compendium of Entrancing Orientation
 68320 | Elf:3    | Identified the +2 plate armour of the Past {Str+2} (You
                  | found it on level 3 of the Elven Halls)
 68346 | Elf:3    | Identified the cursed +0 pair of gloves of Taigisop {rN+
                  | Regen+ MP+9} (You found it on level 3 of the Elven Halls)
 68980 | Vaults:1 | Entered Level 1 of the Vaults
 69167 | Vaults:1 | Reached XP level 24. HP: 206/206 MP: 34/34
 69197 | Vaults:1 | Reached skill level 21 in Fighting
 69873 | Vaults:1 | Found Qayfiuc's Distillery.
 70417 | Vaults:1 | Bought a potion of heal wounds for 100 gold pieces
 70417 | Vaults:1 | Bought a potion of resistance for 200 gold pieces
 70417 | Vaults:1 | Bought a potion of heal wounds for 100 gold pieces
 71665 | Vaults:2 | Reached skill level 15 in Dodging
 72054 | Vaults:2 | Noticed Xtahua
 73348 | Vaults:2 | Killed Xtahua
 73780 | Vaults:3 | Reached XP level 25. HP: 180/215 MP: 34/34
 74993 | Vaults:3 | Found a staircase to the Crypt.
 74993 | Vaults:3 | Found a basalt altar of Yredelemnul.
 75036 | Vaults:3 | Found an ancient bone altar of Kikubaaqudgha.
 75675 | Vaults:4 | Found Fagunoub's Food Shop.
 77672 | Vaults:4 | Reached XP level 26. HP: 214/224 MP: 34/34
 78095 | Crypt:1  | Entered Level 1 of the Crypt
 78207 | Crypt:1  | Noticed Jory
 78295 | Crypt:1  | Killed Jory
 78837 | Crypt:1  | Reached skill level 22 in Fighting
 79317 | Crypt:1  | Found a basalt altar of Yredelemnul.
 79578 | Crypt:1  | Found a basalt altar of Yredelemnul.
 80603 | Crypt:1  | Found an ancient bone altar of Kikubaaqudgha.
 81288 | Crypt:1  | Identified Tagyvab's Handbook of Darkness
 81290 | Crypt:1  | Identified the Disquisition on Dark Secrets
 81712 | Crypt:3  | Entered Level 3 of the Crypt
 81949 | Crypt:3  | Found a magical portal.
 81958 | WizLab   | Entered Zonguldrok's Shrine
 82399 | WizLab   | Noticed an antique lich
 82430 | WizLab   | Killed an antique lich
 82523 | WizLab   | Found the +9 sword of Zonguldrok {reap}
 83351 | Crypt:2  | Noticed a greater mummy
 83405 | Crypt:2  | Killed a greater mummy
 83555 | Crypt:2  | Noticed a greater mummy
 83555 | Crypt:2  | Noticed Khufu
 83679 | Crypt:2  | Killed a greater mummy
 84326 | Crypt:2  | Killed Khufu
 84326 | Crypt:2  | Reached XP level 27. HP: 232/232 MP: 34/34
 85323 | Crypt:3  | Found a staircase to the Tomb.
 85914 | Crypt:3  | Reached skill level 15 in Polearms
 86697 | Crypt:3  | Identified the +4 great mace "Ugeinlaz" {flame, Int+6}
 86970 | Crypt:3  | Identified the +1 kite shield of the Carpenter {*Slow rCorr
                  | Str+8 Dex-2}
 87126 | Crypt:3  | Identified the cursed +1 robe of Vlad {rElec rN++}
 87990 | Vaults:4 | You are sucked into a shaft and drop 1 floor!
 87990 | Vaults:5 | Entered Level 5 of the Vaults
 88015 | Vaults:5 | Noticed an ancient lich
 88050 | Vaults:5 | Killed an ancient lich
 88225 | Vaults:5 | Noticed Margery
 88241 | Vaults:5 | Killed Margery
 88998 | Vaults:5 | Noticed an ancient lich
 89027 | Vaults:5 | Killed an ancient lich
 89146 | Vaults:5 | Reached skill level 15 in Crossbows
 89537 | Vaults:5 | Found Abloi's Antique Armour Boutique.
 89726 | Vaults:5 | Identified the +0 buckler of Proximity {rPois Regen+ rCorr
                  | Int-5}
 89744 | Vaults:5 | Reached skill level 23 in Fighting
 90824 | Vaults:5 | Got a silver rune of Zot
 91064 | Vaults:5 | Identified the Incunabulum of Aid and Lightness
 91642 | Snake:3  | Bought a potion of curing for 36 gold pieces
 91642 | Snake:3  | Bought a potion of curing for 36 gold pieces
 92626 | Depths:2 | Noticed a juggernaut
 92660 | Depths:2 | Killed a juggernaut
 92816 | Depths:2 | Identified the +5 hunting sling of the World {vorpal, +Fly
                  | rN+ MP+9} (You found it on level 5 of the Vaults)
 92816 | Depths:2 | Identified the cursed +3 great mace "Grim Tooth" {venom,
                  | *Contam rC- rN++ SInv} (You found it on level 3 of the
                  | Crypt)
 92975 | Depths:3 | Found a gateway to a ziggurat.
 93471 | Depths:3 | Found Toumuoda's Gadget Boutique.
 93775 | Depths:3 | Found the +8 glaive of the Guard {elec, +Rage AC+5 SInv}
 95594 | Depths:4 | Identified the +8 dagger "Gionenom" {freeze, *Contam *Noise
                  | rElec SInv}
 96457 | Depths:5 | Entered Level 5 of the Depths
 97808 | Depths:5 | Found a gate to the Realm of Zot.
 98188 | Tomb:1   | Entered Level 1 of the Tomb of the Ancients
 98730 | Hell     | Entered the Vestibule of Hell
 98770 | Hell     | Noticed Murray
 98770 | Hell     | Noticed Geryon
100039 | Depths:1 | Killed Murray
102013 | Depths:1 | Reached skill level 24 in Fighting
102821 | Hell     | Killed Geryon
102931 | Hell     | Found a gateway to the Iron City of Dis.
103022 | Hell     | Found a gateway to the ashen valley of Gehenna.
103098 | Hell     | Found a gateway to the decaying netherworld of Tartarus.
103209 | Hell     | Found a gateway to the freezing wastes of Cocytus.
103257 | Tar:1    | Entered Level 1 of Tartarus
103711 | Tar:1    | You are sucked into a shaft and drop 1 floor!
104283 | Tar:2    | You are sucked into a shaft and drop 1 floor!
104329 | Tar:4    | You are sucked into a shaft and drop 1 floor!
104681 | Tar:5    | You are sucked into a shaft and drop 1 floor!
104714 | Tar:6    | You are sucked into a shaft and drop 1 floor!
104714 | Tar:7    | Entered Level 7 of Tartarus
105216 | Hell     | HP: 9/236 [skeletal warrior/+0 dire flail[a skeletal
                  | warrior] (5)]
105829 | Tomb:1   | Noticed a greater mummy
105839 | Tomb:1   | Noticed a greater mummy
105842 | Tomb:1   | Noticed a greater mummy
105843 | Tomb:1   | Noticed a greater mummy
105843 | Tomb:1   | Noticed a greater mummy
106652 | Tomb:1   | Identified Viaj's Incunabulum of Freezing Changing
106714 | Tomb:1   | Noticed a greater mummy
106718 | Tomb:1   | Noticed a greater mummy
106723 | Tomb:1   | Noticed a greater mummy
107411 | Tomb:2   | Noticed a greater mummy
107411 | Tomb:2   | Noticed a greater mummy
107413 | Tomb:2   | Noticed a greater mummy
107414 | Tomb:2   | Noticed a greater mummy
107442 | Tomb:2   | Killed from afar by a smoke demon

Illustrated notes

Levels and vault maps discovered:
D:1:      co_arrival_random_square_maze, layout_loops_corners,
          minmay_small_reverse_x
D:2:      layout_basic, first_ration, minmay_fountain_box, chequers_jeans,
          uniq_sigmund
D:3:      layout_rooms, elyvilon_altar_3
D:4:      layout_basic, grunt_temple_overflow_open,
          minmay_temple_entry_butterflies, serial_shops, kennysheep_little_box,
          nicolae_shop_waterfront, nicolae_shop_statue_plus,
          roderic_serpentine_path, uniq_edmund
D:5:      layout_cave_pools, portal_sewer_entry_e
D:6:      layout_basic, uniq_blork_the_orc
D:7:      lemuel_castle_with_subvaults [lemuel_castle_interior_carwin_2],
          layout_basic, gammafunk_temple_overflow_claw
D:8:      minmay_polygon_palace, layout_basic, gammafunk_ghost_abyssal_escape,
          uniq_erica
D:9:      layout_basic
D:10:     layout_basic, lair_entry_dummy, erik_orc_3, enter_bailey_3,
          uniq_erolcha
D:11:     hangedman_what_comes_after_a, layout_rooms
D:12:     layout_stronghold, serial_shops, shop_statue
D:13:     layout_small_grid, uniq_urug
D:14:     minmay_angry_zag, layout_stronghold, grunt_vaults_entry_tiered
D:15:     hangedman_depths_entry_civil_slaughter, layout_irregular_city,
          serial_undead, serial_undead_b, serial_undead_c, serial_undead_e,
          serial_undead_e, serial_undead_e, serial_undead_b, serial_undead_a,
          serial_undead_f, serial_undead_e, serial_undead_b, serial_park_square3
          [serial_park_minivault_5x5_3], nicolae_qazlal_eye_of_the_storm
Temple:   eino_temple_scatter_basement
Lair:1:   layout_misc_corridors
Lair:2:   layout_cave_pods, grunt_megastairs_5, lemuel_fruit_tree
Lair:3:   layout_regular_city, basic_altar, ebering_ghost_rock_garden,
          serial_bayou_shore_b, uniq_gastronok, uniq_rupert
Lair:4:   layout_hall_layers, elwin_shoals_entry_stream,
          minmay_snake_entry_six_corridors, nicolae_volcano_entry_lava_flow,
          serial_bayou_shore_b
Lair:5:   layout_layer_cave, slime_altar_1, serial_bayou_crossing,
          lemuel_fruit_fields, grunt_megastairs_1
Lair:6:   minmay_lair_end_enchanted_forest, layout_loops_ring,
          infiniplex_staircase_pool_2, lemuel_fruit_fields, uniq_snorg,
          uniq_nessos
Shoals:1: layout_shoals, lemuel_centaur_altar, uniq_roxanne
Shoals:2: layout_shoals, nicolae_shoals_arrival_archipelago, uniq_aizul
Shoals:3: layout_shoals, serial_shops, nicolae_shop_window_shopping,
          hangedman_shoals_cup_caves, uniq_jorgrun
Shoals:4: shoals_end_simple, layout_shoals
Snake:1:  layout_gridlike, nicolae_snake_squiggles, serial_bayou_shore_a,
          grunt_megastairs_3, uniq_agnes
Snake:2:  layout_rooms, basic_altar, nicolae_snake_double_loop
Snake:3:  layout_chambers, serial_shops, shop, shop, uniq_azrael, uniq_louise,
          uniq_kirke
Snake:4:  snake_pit, layout_cave_town, ebering_ghost_disaster_area
Orc:1:    layout_diamond_mine, serial_shops, nicolae_shop_statue_plus,
          uniq_josephine
Orc:2:    pubby_orc_utopia, uniq_donald
Elf:1:    eino_elf_arrival_sip, layout_loops_ring, minmay_elf_demonology,
          minmay_elf_sorcery
Elf:2:    layout_gridlike, drop_trap
Elf:3:    elf_hall, layout_loops_cross, corner_web_ring
Vaults:1: nicolae_vaults_little_squares_4, grunt_vaults_hallway_long,
          grunt_vaults_trifunnel, ontoclasm_vaults_spin, v_misc_24,
          hangedman_vaults_locks, vaults_room_door_ring,
          nicolae_vaults_rhombus_7, vaults_dpeg_hooks, layout_vaults_omnibox,
          serial_shops, nicolae_shop_window_shopping
Vaults:2: hangedman_vaults_impose, hangedman_vaults_corner,
          ontoclasm_vaults_twist, vaults_room_door_hall, vaults_dpeg_doors,
          nicolae_vaults_angled_halls, nicolae_vaults_diagonal_hallway_6,
          v_alt_pattern_5, layout_vaults_omnigrid, uniq_xtahua
Vaults:3: hangedman_vaults_hat, nicolae_vaults_halls_meeting,
          nicolae_vaults_what_the_h, vaults_dpeg_cross, hangedman_vaults_maws,
          v_rooms_3, minmay_crypt_entry_necro_gods, vaults_room_grid,
          ontoclasm_vaults_ring_large, v_misc_2,
          nicolae_vaults_disjoint_gnomons, layout_vaults_maze
Vaults:4: vaults_dpeg_diagonal, st_squares, ontoclasm_vaults_misaligned,
          vaults_standard_mumra_enter_the_diamond, hangedman_vaults_nails,
          hangedman_vaults_nails, hangedman_vaults_unwind,
          ontoclasm_vaults_idyll, v_misc_27, v_misc_12, vaults_room_hallway,
          ontoclasm_vaults_misaligned, layout_vaults_ring, serial_shops,
          nicolae_shop_crystal
Vaults:5: uniq_margery
Crypt:1:  cheibrodos_crypt_down_in_the_bonehoard, layout_misc_corridors,
          serial_sigils_hangedman_snap, minivault_5,
          serial_sigils_hangedman_confine, hangedman_crypt_dual_shrines,
          uniq_jory
Crypt:2:  layout_catacombs, roderic_lattice_octagonal_star, uniq_khufu
Crypt:3:  due_elkab, layout_chaotic_city, mu_enter_wizlab_3
Tomb:1
Tomb:2
Depths:1: layout_gridlike, pan_entry, minmay_misc_feat_roman, pf_coc_iceberg,
          nicolae_abyss_entry_one_way_or_another, laboratory, uniq_asterion
Depths:2: grunt_runaround [grunt_runaround_doors_1, grunt_runaround_doors_2,
          grunt_runaround_doors_3, grunt_runaround_doors_4,
          grunt_runaround_loot], hell_entry, pan_entry
Depths:3: minmay_guarded_unrand_guard, layout_cave_pools, enter_ziggurat_d,
          chequers_serial_rivers_micro_d, pan_entry, serial_shops, shop,
          hell_entry, hangedman_decor_slide_cut, minmay_staircase_windowed_small
Depths:4: minmay_nine_rooms, layout_gridlike, abyss_entry,
          grunt_hell_entry_dis_mu, minmay_misc_feat_plants, serial_bayou_shore_b
Depths:5: grunt_zot_entry_gee_three, layout_basic, pf_hell_entry_great_geh,
          minmay_tree_intersection
Hell
Tar:1:    layout_cathedral_of_symmetry
Tar:2:    layout_grid_maze, nicolae_tar_cuneiform_sun
Tar:3:    layout_grid_maze
Tar:4:    layout_grid_maze
Tar:5:    layout_cathedral_of_symmetry
Tar:6:    layout_grid_maze
Tar:7:    tar_old

Skill      XL: |  1  2  3  4  5  6  7  8  9 10 11 12 13 14 15 16 17 18 19 20 21 22 23 24 25 26 27 |
---------------+----------------------------------------------------------------------------------+-----
Dodging        | 2 3 4 5 6 7 8 9 10 11 12 13 14 15 16 20 | 20.0
Armour         | 1 2 3 4 5 6 8 9 10 11 12 13 14 15 16 17 18 21 | 21.5
Fighting       | 4 5 7 8 10 11 13 14 15 16 17 18 19 20 21 22 24 | 24.4
Crossbows      | 5 6 8 10 11 12 13 14 16 | 16.0
Shields        | 1 3 4 6 7 9 10 11 12 13 14 15 16 17 18 19 22 | 22.8
Evocations     | 1 2 4 7 10 11 12 14 15 | 15.7
Polearms       | 1 3 4 6 7 8 9 10 11 12 13 14 18 | 18.0
Stealth        | |  1.2

Action                   |  1- 3 |  4- 6 |  7- 9 | 10-12 | 13-15 | 16-18 | 19-21 | 22-24 | 25-27 || total
-------------------------+-------+-------+-------+-------+-------+-------+-------+-------+-------++-------
Melee: Hand axe          |    52 |       |   153 |       |       |       |       |       |       ||   205
       Scythe            |       |    71 |    19 |       |       |       |       |       |       ||    90
       Spear             |       |       |   118 |   791 |  1576 |  2453 |  2364 |  2901 |  7972 || 18175
       Double sword      |       |       |       |       |       |       |       |       |    13 ||    13
 Fire: Hand crossbow     |    74 |    46 |    23 |       |       |       |       |       |       ||   143
       Arbalest          |       |       |       |       |       |       |   259 |    80 |    12 ||   351
Invok: Curse Item        |       |       |     2 |       |       |       |       |     3 |     3 ||     8
       Scrying           |       |       |       |       |       |       |       |       |     2 ||     2
 Abil: Dig               |     2 |       |       |     1 |       |     3 |     1 |     1 |     7 ||    15
       Stop Flying       |       |       |       |       |     1 |       |       |       |       ||     1
       Evoke Flight      |       |       |       |       |     1 |       |       |       |       ||     1
       Evoke Invisibilit |       |       |       |       |       |     5 |       |       |       ||     5
       Shaft Self        |       |       |       |       |       |     1 |       |       |     5 ||     6
Evoke: Wand              |       |       |       |       |       |    14 |     9 |       |     1 ||    24
       Horn of Geryon    |       |       |       |       |       |       |       |       |     1 ||     1
  Use: Scroll            |       |     8 |     7 |     6 |     9 |     5 |     4 |     2 |    10 ||    51
       Potion            |       |       |       |       |     5 |     1 |     1 |       |    26 ||    33
 Stab: Sleeping          |       |     1 |       |       |       |       |     1 |       |       ||     2
       Invisible         |       |       |       |       |       |    18 |       |       |       ||    18
       Distracted        |       |       |       |       |       |     1 |       |       |       ||     1
  Eat: Chunk             |     2 |     8 |    12 |    24 |    27 |    35 |    42 |    47 |    54 ||   251
       Ration            |       |       |       |       |     2 |     4 |     5 |     2 |    19 ||    32
Armor: Leather armour    |    20 |    13 |       |       |       |       |       |       |       ||    33
       Ring mail         |       |    21 |    74 |       |       |       |       |       |       ||    95
       Chain mail        |       |       |     6 |       |       |       |       |       |       ||     6
       Plate armour      |       |       |    36 |   184 |   182 |   341 |   385 |   232 |       ||  1360
       Acid dragon scale |       |       |       |       |       |       |    29 |    29 |       ||    58
       Fire dragon scale |       |       |       |       |       |       |       |   137 |  1310 ||  1447
Dodge: Dodged            |    60 |    95 |   156 |   132 |   210 |   445 |   629 |   825 |  4389 ||  6941
Block: Buckler           |       |     6 |    46 |   128 |       |       |       |       |       ||   180
       Tower shield      |       |       |       |    65 |   783 |   449 |       |       |       ||  1297
       Reflection        |       |       |       |    20 |     8 |    93 |   185 |   135 |    72 ||   513
       Kite shield       |       |       |       |       |       |   546 |  1021 |  1230 |  5236 ||  8033
       Rpst.: Double sword |       |       |       |       |       |       |       |       |     5 ||     5
